 Dungeon Crawl Stone Soup version 0.24-a0-226-gca05e9d (console) character file.

Game seed: 7433031919272648341

6876 bli the Martial Artist (level 10, -7/86 HPs)
             Began as a Grey Draconian Transmuter on Mar 31, 2019.
             Was a Priest of Hepliaklqana.
             Mangled by a basilisk (12 damage)
             ... on level 1 of the Lair of Beasts.
             The game lasted 00:38:56 (9241 turns).

bli the Martial Artist (Grey Draconian Transmuter)  Turns: 9241, Time: 00:38:56

Health: -7/86      AC:  6    Str: 15    XL:     10   Next: 78%
Magic:  27/27      EV: 14    Int: 16    God:    Hepliaklqana [***...]
Gold:   541        SH:  0    Dex: 15    Spells: 4/20 levels left

rFire    x . .     SeeInvis .     - Unarmed
rCold    + + +     Gourm    .   (shield currently unavailable)
rNeg     . . .     Faith    .   (armour unavailable)
rPois    +         Spirit   .   (helmet currently unavailable)
rElec    .         Reflect  .   (cloak currently unavailable)
rCorr    .         Harm     .   (gloves currently unavailable)
MR       .....                  (boots currently unavailable)
Stlth    ++........             D - amulet of regeneration
HPRegen  0.64/turn              j - ring of wizardry
MPRegen  0.20/turn              L - ring of Doteanof {MP+9 Int+3}

@: ice-form
A: large, (walk through water), unfitting armour, reduced essence, strong 1, AC
+12
a: End Transformation, Recall Ancestor, Ancestor Identity, Transference,
Renounce Religion


You were on level 1 of the Lair of Beasts.
You worshipped Hepliaklqana.
Hepliaklqana was most pleased with you.
You were not hungry.
You were a creature of crystalline ice.
You visited 2 branches of the dungeon, and saw 9 of its levels.
You also visited: Bailey.

You collected 541 gold pieces.

Inventory:

Hand Weapons
 x - a +1 vampiric whip
 y - a +2 vampiric falchion
 C - a +3 morningstar
 I - a +2 halberd of electrocution
 P - a +4 dagger of chaos
Missiles
 a - 90 arrows
 e - 174 stones (quivered)
 i - 8 needles of paralysis
 o - 11 javelins
 G - 68 tomahawks of returning
 M - 15 poisoned needles
Armour
 K - a +2 pair of gloves (melded)
Jewellery
 j - a ring of wizardry (left front paw)
 r - an uncursed ring of wizardry
 D - an amulet of regeneration (around neck)
 E - an uncursed ring of see invisible {unknown}
 L - the ring of Doteanof (right front paw) {MP+9 Int+3}
   (You found it on level 7 of the Dungeon)

   [ring of magical power]

   It affects your intelligence (+3).
   It affects your magic capacity (+9).
 N - an uncursed ring of flight {unknown}
 Q - an uncursed ring of positive energy {unknown}
Wands
 A - a wand of paralysis (11)
 B - a wand of enslavement (13)
 F - a wand of iceblast (23)
 O - a wand of acid (8)
Scrolls
 b - 11 scrolls of identify {unknown}
 g - 2 scrolls of enchant weapon {unknown}
 h - 2 scrolls of fear {unknown}
 l - 4 scrolls of enchant armour {unknown}
 s - a scroll of fog {unknown}
 t - 4 scrolls of remove curse {unknown}
 u - 3 scrolls of magic mapping {unknown}
 v - a scroll of acquirement {unknown}
 z - a scroll of teleportation {unknown}
 R - a scroll of immolation {unknown}
Potions
 d - a potion of haste
 f - 2 potions of invisibility {unknown}
 k - 2 potions of berserk rage {unknown}
 m - 2 potions of experience {unknown}
 n - 2 potions of agility {unknown}
 p - 8 potions of curing
 q - 2 potions of might
 w - 4 potions of heal wounds {unknown}
 H - 4 potions of mutation
 J - 5 potions of magic {unknown}
Comestibles
 c - 10 rations


   Skills:
 + Level 4.4 Fighting
 * Level 6.6 Dodging
 + Level 2.4 Stealth
 + Level 10.8 Unarmed Combat
 + Level 5.5 Spellcasting
 + Level 5.9 Transmutations
 + Level 3.8 Ice Magic
 + Level 3.1 Poison Magic


You had 4 spell levels left.
You knew the following spells:

 Your Spells              Type           Power        Failure   Level  Hunger
a - Beastly Appendage     Tmut           ###...       1%          1    None
b - Blade Hands           Tmut           ###.......   14%         5    ######.
c - Mephitic Cloud        Conj/Pois/Air  #.......     12%         3    ###....
I - Ice Form              Ice/Tmut       ###.....     8%          4    ####...
S - Spider Form           Tmut/Pois      ###.......   2%          3    ###....

Your spell library contained the following spells:

 Spells                   Type           Power        Failure   Level  Hunger
 Sticks to Snakes         Tmut           ###.....     1%          2    #......
 Poisonous Vapours        Pois/Air       #.....       4%          2    #......
 Conjure Flame            Conj/Fire      #.......     17%         3    ###....
 Freezing Cloud           Conj/Ice/Air   #.........   99%         6    #######
 Ring of Flames           Chrm/Fire      #.........   100%        7    #######


Dungeon Overview and Level Annotations

Branches:
Dungeon (8/15)             Temple (0/1) D:5            Lair (1/6) D:8

Altars:
Cheibriados
Elyvilon
Hepliaklqana
Kikubaaqudgha
Makhleb
Okawaru
Ru
Sif Muna
Uskayaw
Vehumet
Xom
Zin
The Shining One

Shops:
D:8 (


Innate Abilities, Weirdness & Mutations

((You can walk through water.))
((Your dull iron-grey scales are very hard. (AC +12)))
You cannot fit into any form of body armour.
((You can survive without breathing.))
((You are cold-blooded and may be slowed by cold attacks.))
Your life essence is reduced to manifest your ancestor. (-10% HP)
((You have large cloven feet.))
((Your tail ends in a poisonous barb.))
((Your flesh is heat resistant. (rF+)))
Your muscles are strong. (Str +2)


Message History

You feel resistant to heat.
The bullfrog hits you but does no damage.
The basilisk gazes at you. You resist with some effort.
The bullfrog barely misses you.
You hit the basilisk.
The basilisk seems to slow down.
You freeze the basilisk.
The basilisk is severely wounded.
The bullfrog barely misses you. The basilisk gazes at you.
You resist with some effort.
You barely miss the basilisk.
The basilisk is severely wounded.
The bullfrog barely misses you.
Okay, then.
Unknown command.
You barely miss the basilisk.
The basilisk is severely wounded.
The bullfrog hits you!
* * * LOW HITPOINT WARNING * * *
The basilisk bites you!
You die...

####.........######.##
###.# ...........###
##...# #.. .........##.#
##....# ##..
...........####.....##
#...
#..............#..####..
#....##.#....####.......
#....####...#####.......
#..#...##♣P...≈#..##.##.
##..##.###≈≈≈≈≈....######
#P.###.F##.♣≈≈♣.....##P#.
# #..#
#.lY.#R........#.... #.
#..##..#.........##......
..#
##.###..######..####.....#
#.####..##.##. #..##
##....## #....##### # #.##
#....## #.#....# ###R#
##.....# #(..##
#...###.....## ##..#.##
##..###...#..## #P...#.##
#...R#........##
##.......##
###......#.....#
##...#.....####
#.............


You could see a basilisk and a bullfrog.

Vanquished Creatures
  A hydra (Lair:1)
  The ghost of derval the Zephyrmancer, a journeyman DEAE of Vehumet (Lair:1)
  Pikel (D:8)
  2 spiny frogs (Lair:1)
  2 hippogriffs
  Menkaure (D:6)
  Duvessa (D:7)
  A slave (D:8)
  An ice beast (D:6)
  An orc warrior (Bailey)
  2 phantoms
  2 black bears
  2 ogres
  Blork the orc (D:4)
  3 bullfrogs
  2 scorpions (D:5)
  Dowan (D:7)
  5 killer bees (D:8)
  2 wights (D:6)
  A howler monkey (D:6)
  A crimson imp (D:2)
  3 hounds
  A bullfrog skeleton (D:6)
  2 orc priests
  3 orc wizards
  4 worker ants
  2 iguanas
  A killer bee zombie (D:8)
  2 hound skeletons
  12 gnolls
  8 adders
  2 shadow imps
  An ooze (D:3)
  2 worms
  9 leopard geckos
  8 orcs
  3 giant cockroaches
  6 goblins
  11 hobgoblins
  7 jackals
  5 quokkas
  2 ball pythons
  9 bats
  7 frilled lizards
  A jackal skeleton (D:6)
  12 kobolds
  2 leopard gecko skeletons (D:5)
  3 rats
162 creatures vanquished.

Vanquished Creatures (collateral kills)
  Psyche (D:8)
  A hippogriff (Lair:1)
  A water moccasin (Lair:1)
  2 orc warriors
  A black bear (D:8)
  A phantom (D:8)
  An ogre (D:7)
  A centaur (D:5)
  A scorpion (D:3)
  2 wights (D:6)
  A howler monkey (D:7)
  A crimson imp (D:7)
  A bullfrog zombie (D:7)
  A hound (D:8)
  An orc wizard (D:8)
  3 orc priests
  A jelly (D:6)
  A centaur skeleton (D:5)
  5 worker ants
  An adder (D:6)
  4 gnolls (Bailey)
  A shadow imp (D:8)
  An adder skeleton (D:4)
  3 worms
  4 orcs
  A goblin (D:3)
  4 hobgoblins
  4 jackals
  6 kobolds
  2 quokkas
  2 bats (D:3)
60 creatures vanquished.

Vanquished Creatures (others)
  5 battlemagi
  2 ancestors (D:4)
  An orc (D:8)
  4 plants (Lair:1)
12 creatures vanquished.

Grand Total: 234 creatures vanquished

Notes
Turn   | Place    | Note
-------+----------+-------------------------------------------
     0 | D:1      | bli the Draconian Transmuter began the quest for the Orb.
     0 | D:1      | Reached XP level 1. HP: 16/16 MP: 3/3
   400 | D:1      | Reached XP level 2. HP: 23/23 MP: 3/5
  1068 | D:2      | Found a glowing silver altar of Zin.
  1152 | D:2      | You fall through a shaft!
  1196 | D:3      | Reached skill level 4 in Unarmed Combat
  1196 | D:3      | Reached XP level 3. HP: 13/28 MP: 4/6
  1402 | D:2      | Learned a level 3 spell: Spider Form
  1564 | D:2      | Reached XP level 4. HP: 23/35 MP: 4/7
  1987 | D:2      | Found a hazy altar of Hepliaklqana.
  1988 | D:2      | Found a shimmering altar of Xom.
  1988 | D:2      | Noticed a wyvern
  1989 | D:2      | Noticed a spectral ugly thing
  1989 | D:2      | Noticed a wyvern
  1992 | D:2      | Became a worshipper of Hepliaklqana the Forgotten
  2347 | D:3      | Reached skill level 1 in Poison Magic
  2859 | D:3      | Reached skill level 5 in Unarmed Combat
  2959 | D:4      | Noticed Blork the orc
  2960 | D:4      | Reached XP level 5. HP: 23/36 MP: 8/8
  3247 | D:3      | Learned a level 4 spell: Ice Form
  3267 | D:4      | Noticed an ogre
  3409 | D:4      | Killed an ogre
  3409 | D:4      | Reached XP level 6. HP: 33/43 MP: 9/9
  3415 | D:4      | You fall through a shaft for 2 floors!
  3858 | D:6      | Reached * piety under Hepliaklqana
  3858 | D:6      | Found an ancient bone altar of Kikubaaqudgha.
  3913 | D:5      | Entered Level 5 of the Dungeon
  3917 | D:5      | Your scales start taking on a dull iron-grey colour.
  3917 | D:5      | Reached XP level 7. HP: 50/50 MP: 10/10
  3917 | D:5      | Gained mutation: You can survive without breathing. [Grey
                  | Draconian growth]
  3957 | D:5      | Reached skill level 6 in Unarmed Combat
  3982 | D:5      | Found a staircase to the Ecumenical Temple.
  4175 | D:5      | Found an iron altar of Okawaru.
  4275 | D:5      | Reached skill level 1 in Ice Magic
  4794 | D:5      | Reached XP level 8. HP: 51/56 MP: 12/12
  4974 | D:4      | Killed Blork the orc
  5586 | D:6      | Reached skill level 7 in Unarmed Combat
  5653 | D:6      | Found a snail-covered altar of Cheibriados.
  5762 | D:6      | Reached skill level 5 in Transmutations
  5774 | D:6      | Learned a level 5 spell: Blade Hands
  5836 | D:6      | Noticed Menkaure
  5843 | D:6      | Killed Menkaure
  6023 | D:6      | Reached ** piety under Hepliaklqana
  6025 | D:6      | Remembered your ancestor Ahmose as a battlemage
  6242 | D:7      | Found a flagged portal.
  6277 | D:7      | Reached skill level 8 in Unarmed Combat
  6277 | D:7      | Reached XP level 9. HP: 63/63 MP: 15/15
  6286 | Bailey   | Entered a bailey
  6809 | D:7      | Found a white marble altar of Elyvilon.
  6810 | D:7      | Found a burning altar of Makhleb.
  6877 | D:7      | Noticed Duvessa
  6877 | D:7      | Noticed Dowan
  6924 | D:7      | Killed Dowan
  6927 | D:7      | Killed Duvessa
  7061 | D:7      | Got a smoking silver ring
  7063 | D:7      | Identified the ring of Doteanof {MP+9 Int+3} (You found it
                  | on level 7 of the Dungeon)
  7115 | D:7      | Found a deep blue altar of Sif Muna.
  7126 | D:7      | Found a sacrificial altar of Ru.
  7128 | D:7      | Found a radiant altar of Vehumet.
  7129 | D:7      | Found a glowing golden altar of the Shining One.
  7394 | D:8      | Reached skill level 9 in Unarmed Combat
  7406 | D:8      | Noticed Psyche
  7410 | D:8      | Reached skill level 5 in Dodging
  7412 | D:8      | Killed Psyche
  7774 | D:8      | Learned a level 3 spell: Mephitic Cloud
  7775 | D:8      | Noticed Pikel
  7785 | D:8      | Killed Pikel
  7785 | D:8      | Reached skill level 5 in Spellcasting
  7785 | D:8      | Reached XP level 10. HP: 72/72 MP: 17/17
  8019 | D:8      | Reached skill level 1 in Stealth
  8019 | D:8      | Reached skill level 10 in Unarmed Combat
  8088 | D:8      | Found Igrud's Weapon Boutique.
  8215 | D:8      | Found a staircase to the Lair.
  8224 | D:8      | Found a hide-covered altar of Uskayaw.
  8359 | D:8      | Reached *** piety under Hepliaklqana
  8420 | Lair:1   | Entered Level 1 of the Lair of Beasts
  8423 | Lair:1   | Noticed a spiny frog
  8431 | Lair:1   | Killed a spiny frog
  8641 | Lair:1   | Noticed a spiny frog
  8648 | Lair:1   | Killed a spiny frog
  8753 | Lair:1   | Found a runed translucent gate.
  8753 | Lair:1   | Found a runed translucent gate.
  8754 | Lair:1   | Found a runed translucent gate.
  8757 | Lair:1   | Noticed derval's ghost (journeyman DEAE)
  8771 | Lair:1   | Killed derval's ghost
  9212 | Lair:1   | Noticed a four-headed hydra
  9227 | Lair:1   | Killed a four-headed hydra
  9238 | Lair:1   | Gained mutation: You have large cloven feet. [potion of
                  | mutation]
  9238 | Lair:1   | Gained mutation: Your muscles are strong. (Str +2) [potion
                  | of mutation]
  9238 | Lair:1   | Gained mutation: Your tail ends in a poisonous barb.
                  | [potion of mutation]
  9238 | Lair:1   | Gained mutation: Your flesh is heat resistant. (rF+)
                  | [potion of mutation]
  9241 | Lair:1   | Mangled by a basilisk

Levels and vault maps discovered:
D:1:      saegor_arrival_miasma, layout_basic
D:2:      layout_loops_corners, regret_index_temple_of_mockery,
          overflow_temple_1_default
D:3:      layout_basic
D:4:      layout_basic, first_ration, minmay_cupped, uniq_blork_the_orc
D:5:      layout_loops_ring, okawaru_ov_weapons_minmay,
          minmay_temple_entry_mini_moons, st_stairs_6
D:6:      layout_cave_pods, kiku_gazebo_garden_becter, cheibrodos_worm_habitat,
          hangedman_decor_lopped, uniq_menkaure
D:7:      layout_basic, minitemple, gammafunk_temple_overflow_pools,
          enter_bailey_2, uniq_duvessa
D:8:      layout_loops_corners, lemuel_doored_altar, lair_entry_dummy,
          serial_shops, shop, uniq_pikel, uniq_psyche
Lair:1:   layout_layer_cave, ebering_ghost_rock_garden, serial_bayou_pond_e,
          grunt_forest_small_clearings, minivault_27,
          chequers_serial_rivers_room_a, st_stairs_8, lemuel_fruit_fields,
          minmay_lair_oklob_chamber
Bailey:   bailey_axe_2, bailey

Skill      XL: |  1  2  3  4  5  6  7  8  9 10 |
---------------+-------------------------------+-----
Dodging        | 2 3 4 5 6 |  6.6
Unarmed Combat | 4 5 6 8 9 10 | 10.8
Poison Magic   | 1 2 3 |  3.1
Fighting       | 2 3 4 |  4.4
Transmutations | 3 4 5 |  5.9
Ice Magic      | 2 3 |  3.8
Spellcasting   | 3 4 5 |  5.5
Stealth        | 2 |  2.4

Action                   |  1- 3 |  4- 6 |  7- 9 | 10-12 || total
-------------------------+-------+-------+-------+-------++-------
Melee: Unarmed           |   106 |   127 |   367 |    60 ||   660
       Kick              |     8 |     7 |    24 |     2 ||    41
       Tailslap          |     7 |    17 |    34 |     1 ||    59
       Headbutt          |     2 |     5 |    13 |       ||    20
       Punch             |       |     4 |    11 |       ||    15
Throw: Stone             |     1 |     3 |     8 |       ||    12
 Cast: Beastly Appendage |    16 |    16 |    26 |     1 ||    59
       Spider Form       |       |       |     7 |     2 ||     9
       Ice Form          |       |       |     4 |     4 ||     8
       Mephitic Cloud    |       |       |     1 |       ||     1
Invok: Ancestor Life: Ba |       |       |     1 |       ||     1
  Use: Potion            |       |       |     2 |     1 ||     3
 Stab: Sleeping          |     1 |     2 |     1 |       ||     4
       Distracted        |       |       |     1 |       ||     1
       Confused          |       |       |     1 |       ||     1
  Eat: Chunk             |     2 |     8 |    15 |     3 ||    28
       Ration            |       |       |       |     1 ||     1
Armor: Skin              |    23 |    33 |    96 |    17 ||   169
Dodge: Dodged            |    72 |    67 |   349 |    60 ||   548

Table legend:
 A = Non-vault XP
 B = Vault XP
 C = Vault XP percentage of total XP
 D = Non-vault monster count
 E = Vault monster count
 F = Vault count percentage of total count
                 A         B        C        D         E       F
            +---------+---------+-------+---------+---------+-------
      Total |    6591 |    3233 |  32.9 |     176 |      45 |  20.4
            +---------+---------+-------+---------+---------+-------
        D:1 |      26 |       0 |   0.0 |      15 |       0 |   0.0
        D:2 |     103 |       0 |   0.0 |      22 |       0 |   0.0
        D:3 |     138 |       0 |   0.0 |      25 |       0 |   0.0
        D:4 |     353 |     114 |  24.4 |      17 |       2 |  10.5
        D:5 |     689 |      18 |   2.5 |      25 |       1 |   3.8
        D:6 |     992 |     170 |  14.6 |      19 |       2 |   9.5
        D:7 |     945 |     222 |  19.0 |      14 |       2 |  12.5
        D:8 |    1327 |    1097 |  45.3 |      34 |       2 |   5.6
     Lair:1 |    2018 |    1275 |  38.7 |       5 |       2 |  28.6
     Bailey |       0 |     337 | 100.0 |       0 |      34 | 100.0
            +---------+---------+-------+---------+---------+-------
